Map: Ulrena

Players

State - Winner!

  • Race: Protoss Protoss
  • League: Grandmaster

llllllllllll

  • Race: Protoss Protoss

VOD

Have the link to the VOD?

Description

Time

  • Played on: Dec. 27, 2015, 11:20 p.m.
  • Length: 7:19
Show
View Real Time Build Order
Export as new Build Order

State Protoss - Winner!

Build Orders: Phoenix Opening 

Get SALT Encoding   

  12  0:02  Probe (Chrono Boost)  
  13  0:12  Probe (Chrono Boost)  
  14  0:18  Pylon  
  14  0:23  Probe (Chrono Boost)  
  15  0:36  Probe (Chrono Boost)  
  15  0:39  Gateway  
  16  0:43  Assimilator  
  16  0:47  Probe (Chrono Boost)  
  17  0:52  Assimilator  
  17  0:57  Probe (Chrono Boost)  
  18  1:06  Gateway  
  18  1:08  Probe (Chrono Boost)  
  19  1:19  Probe (Chrono Boost)  
  20  1:26  Cybernetics Core  
  20  1:29  Probe (Chrono Boost)  
  21  1:35  Pylon  
  21  1:40  Probe (Chrono Boost)  
  22  1:50  Probe (Chrono Boost)  
  23  2:03  Stalker (Chrono Boost)  
  23  2:04  Stalker (Chrono Boost)  
  23  2:08  Mothership Core (Chrono Boost)  
  29  2:17  Warp Gate  
  29  2:25  Pylon  
  29  2:26  Pylon  
  29  2:41  Pylon  
  29  2:42  Pylon  
  29  2:53  Probe (Chrono Boost), Stargate  
  30  3:00  Pylon  
  30  3:03  Probe (Chrono Boost)  
  31  3:18  Stalker x2, Probe (Chrono Boost)  
  36  3:24  Pylon  
  36  3:28  Probe (Chrono Boost)  
  39  3:48  Phoenix (Chrono Boost)  
  39  3:55  Probe  
  35  4:07  Probe  
  35  4:12  Phoenix (Chrono Boost)  
  37  4:29  Stalker  
  39  4:34  Phoenix (Chrono Boost)  
  39  4:36  Stalker  
  41  4:47  Probe  
  42  4:56  Phoenix (Chrono Boost)  
  45  5:16  Stalker  
  45  5:19  Nexus  
  46  5:35  Pylon  
  46  5:44  Pylon  
  46  5:45  Pylon  
  46  5:52  Pylon  
  46  5:54  Phoenix (Chrono Boost)  
  46  5:55  Sentry  
  50  6:05  Sentry  
  50  6:07  Probe (Chrono Boost)  
  53  6:16  Phoenix  
  56  6:18  Probe (Chrono Boost)  
  56  6:34  Stalker, Probe x2 (Chrono Boost)  
  60  6:44  Probe x2 (Chrono Boost)  
  60  6:45  Stalker  
  64  6:55  Mothership Core (Chrono Boost), Probe (Chrono Boost)  
  64  6:58  Stalker  
  67  7:05  Probe (Chrono Boost)  
  68  7:10  Stalker  
Show
View Real Time Build Order
Export as new Build Order

llllllllllll Protoss 

Build Orders: Oracle Opening, Phoenix Opening 

Get SALT Encoding   

  12  0:00  Probe (Chrono Boost)  
  13  0:12  Probe (Chrono Boost)  
  14  0:18  Pylon  
  14  0:22  Probe (Chrono Boost)  
  15  0:36  Probe (Chrono Boost)  
  15  0:37  Gateway  
  15  0:41  Assimilator  
  16  0:47  Probe (Chrono Boost)  
  17  0:51  Assimilator  
  17  0:57  Probe (Chrono Boost)  
  17  1:01  Pylon  
  18  1:08  Probe (Chrono Boost)  
  19  1:19  Probe (Chrono Boost)  
  19  1:24  Cybernetics Core  
  20  1:30  Pylon  
  20  1:34  Probe (Chrono Boost)  
  21  1:44  Probe (Chrono Boost)  
  22  1:55  Probe (Chrono Boost)  
  22  2:00  Stargate  
  23  2:02  Adept  
  27  2:08  Mothership Core (Chrono Boost)  
  27  2:13  Warp Gate  
  27  2:21  Gateway  
  27  2:31  Pylon  
  27  2:35  Pylon  
  27  3:00  Stalker  
  27  3:04  Oracle (Chrono Boost)  
  32  3:09  Stalker  
  34  3:53  Phoenix (Chrono Boost)  
  32  4:16  Stalker x2  
  36  4:28  Gateway  
  34  4:37  Gateway  
  34  4:40  Gateway  
  34  4:43  Stalker  
  34  4:44  Stalker  
  36  4:49  Phoenix (Chrono Boost)  
  38  5:06  Stalker x2  
  42  5:09  Pylon  
  42  5:21  Phoenix  
  42  5:26  Stalker  
  46  5:29  Stalker  
  46  5:33  Stalker  
  50  5:42  Stalker  
  52  5:52  Phoenix (Chrono Boost)  
  54  6:08  Pylon  
  52  6:23  Stalker x2  
  54  6:26  Stalker  
  54  6:34  Stalker  
  56  6:44  Stalker  
  58  6:53  Stalker  
  58  7:03  Stalker  
  50  7:16  Stalker  
Tags
 
Add a new tag
Caveats
  • Supply blocks, unpowered buildings, or Contaminate may cause inaccurate times.
  • Supply counts are checked every 10 seconds.